 Dungeon Crawl Stone Soup version 0.23-a0-8-gb809bb70e4 (webtiles) character file.

48 Artagas the Chopper (level 3, -7/51 HPs)
             Began as a Minotaur Berserker on Aug 1, 2018.
             Was a Follower of Trog.
             Mangled by a gnoll
             ... wielding a +2 trident of flaming
              (11 damage)
             ... on level 2 of the Dungeon.
             The game lasted 00:02:01 (1538 turns).

Artagas the Chopper (Minotaur Berserker)            Turns: 1538, Time: 00:02:02

Health: -7/51      AC:  2    Str: 27    XL:     3   Next: 50%
Magic:  2/2        EV: 12    Int:  4    God:    Trog [*.....]
Gold:   53         SH:  0    Dex:  9    Spells: 2/2 levels left

rFire    . . .     SeeInvis .   a - +0 hand axe
rCold    . . .     Gourm    .   (no shield)
rNeg     . . .     Faith    .   b - +0 animal skin
rPois    .         Spirit   .   (helmet restricted)
rElec    .         Reflect  .   (no cloak)
rCorr    .         Harm     .   (no gloves)
MR       .....                  (no boots)
Stlth    ..........             (no amulet)
HPRegen  0.17/turn              (no ring)
MPRegen  0.08/turn              (no ring)

@: berserking, very quick
A: retaliatory headbutt, horns 2
a: Berserk, Renounce Religion


You were on level 2 of the Dungeon.
You worshipped Trog.
Trog was aware of your devotion.
You were hungry.

You visited 1 branch of the dungeon, and saw 2 of its levels.

You collected 53 gold pieces.

Inventory:

Hand Weapons
 a - a +0 hand axe (weapon)
Armour
 b - a +0 animal skin (worn)
Scrolls
 d - a scroll of noise {unknown}
 e - a scroll of blinking {unknown}
 g - a scroll of identify
 h - a scroll of remove curse {unknown}
 i - a scroll of amnesia {unknown}
 k - a scroll of fog {unknown}
Potions
 f - a potion of curing
 j - a potion of cancellation
 l - a potion of mutation
 m - a potion of agility
Comestibles
 c - 4 rations


   Skills:
 + Level 4.6 Fighting
 + Level 4.7 Axes
 - Level 2.4 Armour
 - Level 2.1 Dodging


You had 2 spell levels left.
You didn't know any spells.
Your spell library was empty.

Dungeon Overview and Level Annotations

Branches:
Dungeon (2/15)

Altars:


Innate Abilities, Weirdness & Mutations

You reflexively headbutt those who attack you in melee.
You have a pair of horns on your head.


Message History

The gnoll misses you. The gnoll hits you with a spear.
Things that are here:
a halberd; a gnoll corpse You hit the gnoll but do no damage.
Your headbutt misses the gnoll.
The gnoll hits you from afar with a trident of flaming!
The gnoll burns you. The gnoll hits you with a spear.
* * * LOW HITPOINT WARNING * * *
You closely miss the gnoll. Your headbutt misses the gnoll.
The gnoll barely misses you. You furiously retaliate!
You headbutt the gnoll.
The gnoll hits you from afar with a trident of flaming.
* * * LOW HITPOINT WARNING * * *
The gnoll burns you.
* * * LOW HITPOINT WARNING * * *
A red film seems to cover your vision as you go berserk!
You feel yourself moving faster!
You feel mighty!
You are feeling hungry.
The gnoll hits you with a spear.
* * * LOW HITPOINT WARNING * * *
The gnoll hits you from afar with a trident of flaming!
You die...

.... #.. ###
#.......# ###
#.##.##.# ###
#.##.# ..# #....#
#.#.#####.#
#####.#...[...#
g.##.#######.#
#g##..######.#
#.##@##.........#
#......[.########
####.....#
#######


You could see 2 gnolls.

Vanquished Creatures
  A gnoll (D:2)
  An adder (D:2)
  A leopard gecko (D:2)
  3 giant cockroaches (D:1)
  5 goblins
  2 hobgoblins (D:1)
  4 kobolds (D:1)
  A ball python (D:1)
  3 bats
  5 frilled lizards (D:1)
  2 rats (D:1)
28 creatures vanquished.

Notes
Turn   | Place    | Note
-------+----------+-------------------------------------------
     0 | D:1      | Artagas the Minotaur Berserker began the quest for the Orb.
     0 | D:1      | Reached XP level 1. HP: 19/19 MP: 0/0
   411 | D:1      | Reached XP level 2. HP: 27/27 MP: 1/1
  1129 | D:2      | Reached XP level 3. HP: 25/34 MP: 2/2
  1538 | D:2      | Mangled by a gnoll

Vault maps used:
D:1:      dpeg_arrival_ternary, kennysheep_another_room, minmay_curled_crystal
D:2:      minmay_wonky_spiral, chequers_big_river

Skill      XL: |  1 |
---------------+----+-----
Fighting       | 4 |  4.6
Axes           | 4 |  4.7
Armour         | |  2.4
Dodging        | |  2.1

Action                   || total
-------------------------++-------
Melee: Hand axe          ||    56
       Headbutt          ||     5
Invok: Berserk           ||     1
  Use: Scroll            ||     4
  Eat: Chunk             ||     2
Armor: Animal skin       ||    15
Dodge: Dodged            ||    43

Table legend:
 A = Spawn XP
 B = Non-spawn XP
 C = Spawn XP percentage of total XP
 D = Spawn monster count
 E = Non-spawn monster count
 F = Spawn count percentage of total count
 G = Total turns spent on level
                    A         B        C        D         E        F      G
               +---------+---------+-------+---------+---------+-------+---------
         Total |       0 |      69 |   0.0 |       0 |      28 |   0.0 |  1538
               +---------+---------+-------+---------+---------+-------+---------
           D:1 |       0 |      31 |   0.0 |       0 |      21 |   0.0 |  1122
           D:2 |       0 |      38 |   0.0 |       0 |       7 |   0.0 |   416
               +---------+---------+-------+---------+---------+-------+---------
